 Dungeon Crawl Stone Soup version 0.24.0-125-gc4c63601f3 (webtiles) character file.

Game seed: 1358306414468571897, levelgen mode: deterministic

403 Peloso the Shield-Bearer (level 6, -1/53 HPs)
             Began as a Minotaur Fighter on Mar 21, 2020.
             Slain by a centaur skeleton (3 damage)
             ... on level 4 of the Dungeon.
             The game lasted 00:05:53 (2334 turns).

Peloso the Shield-Bearer (Minotaur Fighter)         Turns: 2334, Time: 00:05:54

Health: -1/53      AC: 12    Str: 26    XL:     6   Next: 55%
Magic:  5/5        EV:  7    Int:  5    God:
Gold:   135        SH: 10    Dex: 11    Spells: 5/5 levels left

rFire    + . .     SeeInvis .   a - +0 long sword
rCold    + . .     Gourm    +   c - +0 shield
rNeg     . . .     Faith    .   h - +0 chain mail
rPois    +         Spirit   .   (helmet restricted)
rElec    +         Reflect  .   u - +0 cloak
rCorr    +         Harm     .   i - +0 pair of gloves
MR       .....                  (no boots)
Stlth    ..........             o - amulet of the gourmand
HPRegen  0.17/turn              e - +5 ring of strength
MPRegen  0.09/turn              (no ring)

@: lethally poisoned (-1 -> -3), resistant, very slightly contaminated,
invisible
A: retaliatory headbutt, horns 2
a: no special abilities


You were on level 4 of the Dungeon.
You were not hungry.

You visited 1 branch of the dungeon, and saw 4 of its levels.

You collected 135 gold pieces.

Inventory:

Hand Weapons
 a - a +0 long sword (weapon)
 b - a +1 dagger of flaming
Armour
 c - a +0 shield (worn)
 g - a +0 pair of gloves
 h - a +0 chain mail (worn)
 i - a +0 pair of gloves (worn)
 u - a +0 cloak (worn)
Jewellery
 e - a +5 ring of strength (left hand)
 o - an amulet of the gourmand (around neck)
Scrolls
 j - 2 scrolls of teleportation
 k - 5 scrolls of remove curse
 l - a scroll of magic mapping
 n - a scroll of blinking {unknown}
 p - a scroll of identify {unknown}
 v - a scroll of random uselessness {unknown}
Potions
 d - 3 potions of might
 q - a potion of flight
Comestibles
 f - 5 rations


   Skills:
 + Level 4.7 Fighting
 + Level 5.1 Long Blades
 + Level 5.1 Armour
 + Level 1.6 Dodging
 + Level 0.4 Stealth
 + Level 5.6 Shields


You had 5 spell levels left.
You didn't know any spells.
Your spell library was empty.

Dungeon Overview and Level Annotations

Branches:
Dungeon (4/15)
 Temple: D:4-7

Altars:
The Shining One


Innate Abilities, Weirdness & Mutations

You reflexively headbutt those who attack you in melee.
You have a pair of horns on your head.


Message History

It was a potion of resistance.
You feel protected.
It was a potion of invisibility.
You fade into invisibility!
* * * LOW HITPOINT WARNING * * *
You feel sick.
You are very lightly contaminated with residual magic.
* * * LOW HITPOINT WARNING * * *
You feel sick.
You see here a worker ant corpse.
It was a potion of magic.
Magic courses through your body.
You float gracefully downwards.
* * * LOW HITPOINT WARNING * * *
You feel sick.
You block the centaur skeleton's attack.
You hit the centaur skeleton but do no damage.
The centaur skeleton hits you.
* * * LOW HITPOINT WARNING * * *
The centaur skeleton hits you.
You die...

... #.#.#
#.##.....# ....
#.##.....# ...#
#..#.....# ...#
##.#######
#..###.#
#.....# #.....#
...#....#######
.. #...@......#
#....Z.....#
#....#.....#
#....##...>#
#....##....#
.....###....#
#.#.... #....#
..............#
..............#


You could see a centaur skeleton.

Vanquished Creatures
  Menkaure (D:4)
  A scorpion (D:4)
  Crazy Yiuf (D:3)
  An orc wizard (D:4)
  Jessica (D:3)
  Terence (D:3)
  A worker ant (D:4)
  3 adders (D:3)
  2 oozes
  2 worms
  A dart slug (D:1)
  2 leopard geckos (D:1)
  5 orcs
  2 giant cockroaches (D:3)
  6 hobgoblins
  3 jackals (D:1)
  7 bats
  5 frilled lizards
  12 goblins
  14 kobolds
  A leopard gecko skeleton (D:4)
  6 rats
78 creatures vanquished.

Vanquished Creatures (others)
  5 toadstools (D:1)
5 creatures vanquished.

Grand Total: 83 creatures vanquished

Notes
Turn   | Place    | Note
-------+----------+-------------------------------------------
     0 | D:1      | Peloso the Minotaur Fighter began the quest for the Orb.
     0 | D:1      | Reached XP level 1. HP: 19/19 MP: 0/0
    91 | D:1      | Reached XP level 2. HP: 17/27 MP: 1/1
   200 | D:1      | Reached XP level 3. HP: 12/33 MP: 2/2
   810 | D:2      | Found a glowing golden altar of the Shining One.
  1009 | D:2      | Found a faded altar of an unknown god.
  1269 | D:3      | Noticed Terence
  1277 | D:3      | Killed Terence
  1277 | D:3      | Reached XP level 4. HP: 39/41 MP: 3/3
  1281 | D:3      | Noticed Jessica
  1287 | D:3      | Killed Jessica
  1555 | D:3      | Found a runed translucent door.
  1556 | D:3      | Noticed Crazy Yiuf
  1624 | D:3      | Reached XP level 5. HP: 45/47 MP: 4/4
  2034 | D:3      | Killed Crazy Yiuf
  2115 | D:4      | Reached skill level 1 in Dodging
  2115 | D:4      | Reached skill level 5 in Shields
  2299 | D:4      | Noticed Menkaure
  2307 | D:4      | HP: 1/47 [Menkaure/nerve-wracking pain (13)]
  2308 | D:4      | Killed Menkaure
  2308 | D:4      | Reached skill level 5 in Armour
  2308 | D:4      | Reached XP level 6. HP: 1/53 MP: 5/5
  2322 | D:4      | Reached skill level 5 in Long Blades
  2334 | D:4      | HP: 2/53 [centaur skeleton (1)]
  2334 | D:4      | Slain by a centaur skeleton

Levels and vault maps discovered:
D:1:      ldierk_walled_garden, layout_rooms
D:2:      layout_basic, chequers_ecumenical_altar_island, first_ration,
          tso_metal_star
D:3:      layout_loops_cross, kennysheep_generic_room_5, uniq_terence,
          uniq_crazy_yiuf_cottage, uniq_jessica
D:4:      layout_rooms, minmay_misc_feat_cross, uniq_menkaure

Skill      XL: |  1  2  3  4  5  6 |
---------------+-------------------+-----
Shields        | 4 5 |  5.6
Fighting       | 4 |  4.7
Armour         | 4 5 |  5.1
Long Blades    | 3 4 5 |  5.1
Dodging        | 1 |  1.6
Stealth        | |  0.4

Action                   |  1- 3 |  4- 6 || total
-------------------------+-------+-------++-------
Melee: Long sword        |   100 |    89 ||   189
       Headbutt          |    14 |    18 ||    32
  Use: Potion            |       |     7 ||     7
       Scroll            |       |     3 ||     3
  Eat: Chunk             |       |    12 ||    12
Armor: Chain mail        |    68 |    50 ||   118
       Scale mail        |     1 |       ||     1
Dodge: Dodged            |    34 |    23 ||    57
Block: Shield            |    51 |    53 ||   104
       Rpst.: Long sword |     8 |     4 ||    12
